 Dungeon Crawl Stone Soup version 0.23.2-33-g5129a83184 (webtiles) character file.

Game seed: 11209540728077055476

270376 Ponchio the Warrior (level 20, -3/136 HPs)
             Began as a Gargoyle Fighter on June 30, 2019.
             Was the Champion of the Shining One.
             Killed from afar by a frost giant (38 damage)
             ... with a bolt of cold
             ... on level 1 of the Vaults.
             The game lasted 02:52:41 (40498 turns).

Ponchio the Warrior (Gargoyle Fighter)             Turns: 40498, Time: 02:52:44

Health: -3/136     AC: 56    Str: 27    XL:     20   Next: 20%
Magic:  0/21       EV: 13    Int: 11    God:    the Shining One [******]
Gold:   1274       SH: 31    Dex: 15    Spells: 19/19 levels left

rFire    . . .     SeeInvis .   D - +3 flail (protect)
rCold    . . .     Gourm    .   X - +10 large shield of Ignorance {rN+ Int-4}
rNeg     + + +     Faith    .   w - +9 plate armour of a Billion Wonders {+Blink MP-9 Str+4 Int+4}
rPois    ∞         Spirit   +   Y - +0 helmet
rElec    +         Reflect  .   Z - scarf {Spirit}
rCorr    .         Harm     +   p - +2 pair of gloves
MR       ++++.                  z - +2 pair of boots
Stlth    ..........             h - amulet of harm
HPRegen  0.32/turn              t - ring of protection from magic
MPRegen  0.17/turn              o - ring of protection from magic

@: protection aura, flying, glowing
A: big wings, clever 1, magic resistance 1, negative energy resistance 1,
electricity resistance, unbreathing, petrification resistance, rot immunity, AC
+15
}: 2/15 runes: decaying, gossamer
a: Stop Flying, Divine Shield, Cleansing Flame, Summon Divine Warrior, Brand
Weapon With Holy Wrath, Renounce Religion, Evoke Blink


You were on level 1 of the Vaults.
You worshipped the Shining One.
The Shining One was exalted by your worship.
You were hungry.

You visited 8 branches of the dungeon, and saw 34 of its levels.
You visited 1 bazaar.

You collected 3776 gold pieces.
You spent 2502 gold pieces at shops.

Inventory:

Hand Weapons
 D - a +3 flail of protection (weapon)
 H - the +7 lajatang of Order {silver, rMut}
   (You bought it in a shop in a bazaar)

   It protects you from mutation.
Armour
 p - a +2 pair of gloves (worn)
 w - the +9 plate armour of a Billion Wonders (worn) {+Blink MP-9 Str+4 Int+4}
   (You found it on level 5 of the Dungeon)

   It affects your strength (+4).
   It affects your intelligence (+4).
   It affects your magic capacity (-9).
   It lets you blink.
 z - a +2 pair of boots (worn)
 X - the +10 large shield of Ignorance (worn) {rN+ Int-4}
   (You found it on level 12 of the Dungeon)

   It affects your intelligence (-4).
   It protects you from negative energy.
 Y - a +0 helmet (worn)
 Z - a scarf of spirit shield (worn)
Jewellery
 a - an uncursed ring of protection from fire
 c - an uncursed amulet of faith {unknown}
 e - an uncursed amulet of magic regeneration {unknown}
 h - an amulet of harm (around neck)
 j - a cursed amulet of inaccuracy {unknown}
 o - a ring of protection from magic (right hand)
 t - a ring of protection from magic (left hand)
 v - an uncursed ring of ice
 y - a +3 ring of dexterity {unknown}
 F - an uncursed ring of fire
 K - an uncursed ring of poison resistance {unknown}
 M - a +2 ring of protection {unknown}
 N - an uncursed ring of stealth
 S - an uncursed amulet of the acrobat
Wands
 A - a wand of flame (56)
 I - a wand of scattershot (2)
 O - a wand of digging (14)
 Q - a wand of iceblast (27)
 W - a wand of disintegration (18)
Scrolls
 i - a scroll of brand weapon
 l - 8 scrolls of teleportation
 m - 9 scrolls of amnesia
 q - 12 scrolls of remove curse
 r - a scroll of fear
 x - 3 scrolls of blinking
 B - 6 scrolls of enchant weapon
 C - 11 scrolls of identify
 G - 5 scrolls of magic mapping
 T - 5 scrolls of enchant armour
 U - 2 scrolls of holy word
Potions
 b - 3 potions of heal wounds
 d - a potion of might
 g - 8 potions of curing
 k - 5 potions of resistance
 n - 7 potions of magic
 s - 4 potions of berserk rage
 u - 3 potions of haste
 E - 5 potions of brilliance
 P - 4 potions of ambrosia
 R - 3 potions of agility
Miscellaneous
 J - a phantom mirror
 L - a fan of gales
Comestibles
 f - 44 rations


   Skills:
 + Level 18.1 Fighting
 + Level 16.6 Maces & Flails
 + Level 14.7 Armour
 + Level 12.6 Dodging
 - Level 13.9 Shields
 + Level 14.1 Invocations


You had 19 spell levels left.
You didn't know any spells.
Your spell library contained the following spells:

 Spells                   Type           Power        Failure   Level  Hunger
 Animate Skeleton         Necr           N/A          100%        1    ##.....
 Corona                   Hex            #......      100%        1    ##.....
 Pain                     Necr           #...         100%        1    ##.....
 Ensorcelled Hibernation  Hex/Ice        #.....       100%        2    ###....
 Slow                     Hex            #.......     100%        2    ###....
 Throw Frost              Conj/Ice       #.....       100%        2    ###....
 Ignite Poison            Fire/Tmut/Pois #.......     100%        3    ####...
 Inner Flame              Hex/Fire       #.......     100%        3    ####...
 Portal Projectile        Hex/Tloc       #.....       100%        3    ####...
 Regeneration             Chrm/Necr      #.........   100%        3    ####...
 Static Discharge         Conj/Air       #.......     100%        3    ####...
 Vampiric Draining        Necr           #.........   100%        3    ####...
 Animate Dead             Necr           N/A          100%        4    #####..
 Cause Fear               Hex            #.........   100%        4    #####..
 Iskenderun's Mystic Bla  Conj           #.......     100%        4    #####..
 Leda's Liquefaction      Hex/Erth       #.........   100%        4    #####..
 Summon Ice Beast         Ice/Summ       #.......     100%        4    #####..
 Bolt of Draining         Conj/Necr      #.........   100%        5    ######.
 Fireball                 Conj/Fire      #.........   100%        5    ######.
 Silence                  Hex/Air        #.........   100%        5    ######.
 Yara's Violent Unravell  Hex/Tmut       #.........   100%        5    ######.
 Bolt of Fire             Conj/Fire      #.........   100%        6    #######
 Deflect Missiles         Chrm/Air       #.........   100%        6    #######
 Simulacrum               Ice/Necr       #.........   100%        6    #######
 Ring of Flames           Chrm/Fire      #.........   100%        7    #######
 Discord                  Hex            #.........   100%        8    #######
 Ignition                 Fire           #.........   100%        8    #######


Dungeon Overview and Level Annotations

Branches:
Dungeon (15/15)            Temple (0/1) D:7            Lair (6/6) D:9
  Swamp (4/4) Lair:4       Spider (4/4) Lair:4        Slime (0/5) Lair:5
    Orc (2/2) D:11            Elf (1/3) Orc:2        Vaults (1/5) D:14
 Depths (1/5) D:15

Altars:
Cheibriados
Elyvilon
Fedhas
Gozag
Hepliaklqana
Ru
Sif Muna
Vehumet
Wu Jian
Zin
The Shining One
Beogh
Jiyva

Shops:
D:8 [:=:%   D:9 %=?*(   D:10 =((?   D:12 ?   Orc:2 (=!%   Elf:1 ?

Annotations:
D:3 1 transporter
D:12 1 runed translucent door, exclusion: 4 orange crystal statues
Lair:6 3 runed translucent doors, LabCoat's ghost, journeyman HOFi; steinardarri's ghost, journeyman TrMo


Innate Abilities, Weirdness & Mutations

You are resistant to torment.
Your stone body is resilient. (AC +15)
You are immune to poison.
Your large and strong wings let you fly indefinitely.
You resist negative energy. (rN+)
You are resistant to electric shocks. (rElec)
You can survive without breathing.
You are immune to petrification.
You are immune to rotting.
Your mind is acute. (Int +2)
You are resistant to hostile enchantments. (MR+)


Message History

You kill the vault guard!
A yaktaur captain comes into view.
You block the phantasmal warrior's attack.
You hit the frost giant but do no damage.
You block the frost giant's attack.
You sock the frost giant!
The frost giant is lightly wounded.
You block the phantasmal warrior's attack.
The frost giant gestures at you while chanting.
The bolt of cold hits you!!!
* * * LOW HITPOINT WARNING * * *
The bolt of cold hits the phantasmal warrior!!
The phantasmal warrior resists.
You feel much better.
The vault sentinel blows a loud note on a signal horn!
You block the phantasmal warrior's attack.
The frost giant casts a spell at you.
The bolt of cold hits the frost giant!
The frost giant resists.
The bolt of cold hits you!!
You die...

*,,,,.pC.,,,,,,*,,,,,,* *,,*,*,,,
******#p.************** *,,*,****
*######C############# ****,,,,,
**......)p...##......# *****+
,*...........##......# *,,,,
,*...........##......# *,,,,
,*.........es##......# *****++*
**.........s.####W...# *,,,,,,*
**...........###@##..# *,,,,,,*
,*..........pNCC##+### *,,,,,,*
**...........opC..### *,,,,,,*
*#+###########pot...# *,,,,,,*
,+.#.#...#.#.#......# *,,,,,,*
,##.#.#.#.#.##......#*****'****+*
,#.#.#.#.#.#.'......#,,,,,,,,**,*
*##.#.#.#(#.###'#####,,,,,,,,**,,
#.#.#.#.#.#.'......#,,,,,,,,**,,


You could see 2 frost giants, a fire giant, a nagaraja, an orc knight, 2 vault
sentinels, a phantasmal warrior, an ironbrand convoker and an orc.

Vanquished Creatures
  Nikola (Swamp:4)
  Arachne (Spider:2)
  Rupert (Lair:5)
  Jorgrun (Swamp:1)
  2 tengu reavers
  2 thorn hunters (Swamp:4)
  A fire giant (D:15)
  A deep elf sorcerer (Elf:1)
  4 ghost moths
  6 emperor scorpions
  2 ironheart preservers (Vaults:1)
  2 deep elf demonologists
  Nessos (D:13)
  10 entropy weavers
  2 stone giants
  3 spark wasps
  3 ettins (D:15)
  Snorg (D:10)
  Josephine (D:10)
  2 deep elf death magi
  A fire dragon (D:15)
  2 yaktaur captains
  A great orb of eyes (D:15)
  Erolcha (Orc:1)
  The ghost of bocha96 the Blocker, a journeyman GrFi of Trog (D:12)
  32 hydras
  A ghost crab (Swamp:2)
  2 rakshasas
  13 vault guards
  An ice dragon (D:15)
  4 shambling mangroves
  3 centaur warriors
  10 alligators
  Erica (D:11)
  3 catoblepae (Lair:6)
  An ogre mage (Vaults:1)
  3 dancing weapons (Elf:1)
  3 deep troll shamans
  A queen ant (Lair:2)
  4 tengu warriors
  4 two-headed ogres
  5 death yaks (Lair:6)
  Urug (Lair:3)
  A deep troll earth mage (D:15)
  An orc high priest (D:11)
  Sonja (Orc:1)
  A hell knight (Depths:1)
  6 deep elf knights
  Nergalle (Lair:3)
  6 spriggans
  A spriggan druid (Swamp:3)
  2 skeletal warriors (D:15)
  A flayed ghost (D:15)
  An unseen horror (D:15)
  4 deep trolls
  11 swamp dragons
  A spark wasp zombie (D:15)
  2 ironbrand convokers (Vaults:1)
  2 glowing orange brains (Depths:1)
  Pikel (D:8)
  A tengu zombie (D:15)
  6 deep elf archers
  A necromancer (D:15)
  2 orc knights (Orc:1)
  An orb spider (shapeshifter) (D:15)
  An oklob plant (Orc:2)
  17 orb spiders
  4 lindwurms (D:11)
  31 wolf spiders
  11 orc sorcerers
  24 deep elf magi
  5 cyclopes
  24 ugly things
  3 moths of wrath
  3 manticores
  4 black mambas
  3 centaur zombies
  Joseph (D:8)
  A vault sentinel (Vaults:1)
  6 elephants (Lair:3)
  Psyche (D:8)
  2 gargoyles
  19 spiny frogs
  12 demonic crawlers
  11 yaktaurs
  An efreet (D:13)
  A yaktaur skeleton (D:15)
  A rime drake (Lair:5)
  A small abomination (Vaults:1)
  6 komodo dragons
  6 kobold demonologists (D:12)
  4 tengu conjurers
  22 jumping spiders
  2 queen bees
  3 meliai (Spider:4)
  7 trolls
  A polar bear (Lair:4)
  12 tyrant leeches
  10 blink frogs
  21 hornets
  Grinder (D:5)
  17 slime creatures
  7 dream sheep (Lair:4)
  6 hippogriffs
  13 bog bodies
  A dream sheep (shapeshifter) (Elf:1)
  An ettin zombie (D:15)
  58 redbacks
  4 shadows
  46 tarantellas
  An air elemental (Elf:1)
  A wyvern (D:10)
  Sigmund (D:3)
  A vampire (D:15)
  4 wraiths (D:10)
  76 yaks
  5 basilisks
  Grum (D:10)
  18 vampire mosquitoes
  3 hungry ghosts
  A steam dragon (D:12)
  8 insubstantial wisps (Swamp:3)
  13 soldier ants
  8 swamp worms
  8 wargs
  11 porcupines
  4 swamp drakes
  15 water moccasins
  3 black bears
  4 ice beasts
  5 sky beasts
  21 orc warriors
  A phantom (D:12)
  24 ogres
  2 eyes of draining
  17 wolves
  6 centaurs
  10 crocodiles
  11 big kobolds
  20 bullfrogs
  2 earth elementals (Elf:1)
  44 killer bees
  3 scorpions
  3 wights (D:13)
  A howler monkey (D:13)
  2 electric eels
  5 crimson imps
  4 lava snakes (D:11)
  3 bullfrog zombies
  11 orc priests
  2 hounds
  5 jellies
  3 centaur skeletons
  35 orc wizards
  2 bullfrog skeletons
  Natasha (thrice) (D:3)
  5 iguanas
  5 hell rats (Lair:3)
  40 worker ants
  A hound zombie (D:6)
  A hound skeleton (D:9)
  A worker ant zombie (D:11)
  Robin (D:3)
  8 gnolls
  5 adders
  15 river rats (Lair:3)
  4 shadow imps
  3 oozes
  An adder skeleton (D:8)
  A worm (D:3)
  2 dart slugs (D:1)
  5 leopard geckos
  87 orcs
  8 bats
  7 giant cockroaches
  11 hobgoblins
  16 jackals
  14 quokkas
  6 frilled lizards
  17 goblins
  A jackal skeleton (D:4)
  A jackal zombie (D:7)
  18 kobolds
  A leopard gecko zombie (D:7)
  A quokka skeleton (D:4)
  23 rats
  2 briar patches (Swamp:4)
1376 creatures vanquished.

Vanquished Creatures (others)
  2 alligators (Swamp:2)
  A death yak (Lair:6)
  A spriggan druid (Swamp:3)
  A swamp dragon (Swamp:4)
  2 hornets
  3 tyrant leeches (Swamp:2)
  2 spriggans (Swamp:4)
  A shadow (Swamp:3)
  A vampire mosquito (Swamp:3)
  4 swamp worms
  5 swamp drakes
  An orc priest (Orc:2)
  A hound (D:8)
  An orc wizard (Orc:2)
  3 orcs (Orc:2)
  2 briar patches (Swamp:4)
  4 fungi
  9 plants
  6 withered plants
50 creatures vanquished.

Grand Total: 1426 creatures vanquished

Notes
Turn   | Place    | Note
-------+----------+-------------------------------------------
     0 | D:1      | Ponchio the Gargoyle Fighter began the quest for the Orb.
     0 | D:1      | Reached XP level 1. HP: 14/14 MP: 1/1
    79 | D:1      | Reached XP level 2. HP: 19/19 MP: 2/2
   358 | D:1      | Reached skill level 4 in Fighting
   358 | D:1      | Reached XP level 3. HP: 13/24 MP: 3/3
   844 | D:1      | Reached XP level 4. HP: 30/30 MP: 4/4
  2003 | D:3      | Found a blossoming altar of Fedhas.
  2003 | D:3      | Noticed Sigmund
  2040 | D:3      | Killed Sigmund
  2040 | D:3      | Reached skill level 5 in Fighting
  2040 | D:3      | Reached XP level 5. HP: 19/36 MP: 5/5
  2040 | D:3      | Reached XP level 6. HP: 21/40 MP: 6/6
  2078 | D:3      | Found a transporter.
  2199 | D:3      | Found a deep blue altar of Sif Muna.
  2372 | D:3      | Noticed Natasha
  2385 | D:3      | Killed Natasha
  2534 | D:3      | Found an opulent altar of Gozag.
  2549 | D:3      | Found a transporter.
  2554 | D:3      | Noticed Natasha
  2574 | D:3      | Killed Natasha
  2684 | D:3      | Noticed Robin
  2719 | D:3      | Killed Robin
  2719 | D:3      | Reached skill level 6 in Fighting
  2719 | D:3      | Reached skill level 5 in Maces & Flails
  3111 | D:4      | Found a white marble altar of Elyvilon.
  3195 | D:4      | Reached XP level 7. HP: 45/47 MP: 7/7
  3221 | D:4      | HP: 2/47 [orc priest/divine providence (15)]
  3888 | D:4      | Found a hazy altar of Hepliaklqana.
  3890 | D:4      | Reached skill level 7 in Fighting
  4135 | D:3      | Noticed Natasha
  4141 | D:3      | Killed Natasha
  4179 | D:5      | Entered Level 5 of the Dungeon
  4279 | D:5      | Noticed Grinder
  4304 | D:5      | Killed Grinder
  4304 | D:5      | Reached skill level 1 in Dodging
  4304 | D:5      | Reached XP level 8. HP: 51/53 MP: 8/8
  4454 | D:5      | Got an encrusted plate armour
  4993 | D:5      | Identified the +9 plate armour of a Billion Wonders {+Blink
                  | MP-9 Str+4 Int+4} (You found it on level 5 of the Dungeon)
  5027 | D:6      | Gained mutation: You are resistant to hostile enchantments.
                  | (MR+) [potion of mutation]
  5027 | D:6      | Gained mutation: Your large and strong wings let you fly
                  | indefinitely. [potion of mutation]
  5027 | D:6      | Gained mutation: Your mind is acute. (Int +2) [potion of
                  | mutation]
  5488 | D:6      | Found a sacrificial altar of Ru.
  5550 | D:6      | Reached skill level 5 in Armour
  5550 | D:6      | Reached skill level 5 in Shields
  5584 | D:6      | Found a radiant altar of Vehumet.
  5587 | D:6      | Found a glowing silver altar of Zin.
  5587 | D:6      | Found a glowing golden altar of the Shining One.
  5596 | D:6      | Became a worshipper of the Shining One
  5704 | D:7      | Found an ornate altar of the Wu Jian Council.
  5747 | D:7      | Found a staircase to the Ecumenical Temple.
  6084 | D:7      | Reached XP level 9. HP: 57/57 MP: 0/9
  6535 | D:8      | Noticed Psyche
  6556 | D:8      | Killed Psyche
  6593 | D:8      | Found Coket's Book Shop.
  6595 | D:8      | Reached * piety under the Shining One
  6595 | D:8      | Noticed Pikel
  6618 | D:8      | Killed Pikel
  6665 | D:8      | Found Xaewkefa's Food Shop.
  6723 | D:8      | Found Teff's Jewellery Shop.
  6816 | D:8      | Found Diosakhecvuo's Armour Shop.
  6816 | D:8      | Noticed Joseph
  6827 | D:8      | Reached XP level 10. HP: 53/63 MP: 1/10
  6848 | D:8      | Killed Joseph
  6848 | D:8      | Reached skill level 5 in Dodging
  6886 | D:8      | Found Xejaegov's Book Shop.
  6906 | D:8      | Found a snail-covered altar of Cheibriados.
  7120 | D:9      | Found Iloton's Food Emporium.
  7159 | D:9      | Found Ygrogit's Magic Scroll Shop.
  7273 | D:9      | Found Hybbim's Assorted Antiques.
  7275 | D:9      | Found a staircase to the Lair.
  7296 | D:9      | Found Tuede's Antique Weapon Emporium.
  7353 | D:9      | Noticed a two-headed ogre
  7358 | D:9      | Killed a two-headed ogre
  7427 | D:9      | Found Tychatz's Jewellery Emporium.
  7616 | Lair:1   | Entered Level 1 of the Lair of Beasts
  7623 | Lair:1   | Noticed a spiny frog
  7639 | D:9      | Reached skill level 8 in Fighting
  7758 | D:9      | Killed a spiny frog
  7905 | Lair:1   | Noticed a spiny frog
  7913 | Lair:1   | Killed a spiny frog
  7913 | Lair:1   | Reached XP level 11. HP: 53/69 MP: 2/11
  8006 | Lair:1   | Reached ** piety under the Shining One
  8037 | Lair:1   | Noticed a seven-headed hydra
  8038 | Lair:1   | Noticed a four-headed hydra
  8095 | Lair:1   | Killed a four-headed hydra
  8104 | Lair:1   | Killed a seven-headed hydra
  8514 | Lair:1   | Reached skill level 9 in Fighting
  9000 | Lair:1   | Reached skill level 10 in Shields
  9002 | Lair:1   | Reached skill level 10 in Armour
  9724 | Lair:2   | Reached XP level 12. HP: 73/76 MP: 3/12
  9784 | Lair:2   | Noticed a queen ant
  9816 | Lair:2   | Killed a queen ant
  9949 | Lair:2   | Reached *** piety under the Shining One
 10139 | Lair:2   | Reached skill level 10 in Fighting
 10642 | Lair:3   | Found a glowing silver altar of Zin.
 10966 | Lair:3   | Noticed Nergalle
 10967 | Lair:3   | Noticed Urug
 11184 | Lair:3   | Killed Nergalle
 11248 | Lair:3   | Killed Urug
 11308 | Lair:3   | You are sucked into a shaft for 2 floors!
 11483 | Lair:5   | Reached XP level 13. HP: 82/83 MP: 4/13
 11489 | Lair:4   | Reached **** piety under the Shining One
 11895 | Lair:4   | Found a hole to the Spider Nest.
 11921 | Lair:4   | Found a staircase to the Swamp.
 11934 | Lair:4   | Reached skill level 11 in Fighting
 12319 | Lair:4   | Reached skill level 10 in Maces & Flails
 12495 | Lair:4   | Got a polished battleaxe
 12501 | Lair:4   | Identified the +4 battleaxe of Qimeceiq {chop, rPois} (You
                  | found it on level 4 of the Lair of Beasts)
 12550 | Lair:5   | Noticed Rupert
 12571 | Lair:5   | Killed Rupert
 13021 | Lair:5   | Found a viscous altar of Jiyva.
 13021 | Lair:5   | Found a staircase to the Slime Pits.
 13523 | Lair:6   | Entered Level 6 of the Lair of Beasts
 13901 | Lair:6   | Reached skill level 1 in Invocations
 14153 | Lair:6   | Found a runed translucent gate.
 14153 | Lair:6   | Found a runed translucent gate.
 14153 | Lair:6   | Found a runed translucent gate.
 14157 | Lair:6   | Noticed LabCoat's ghost (journeyman HOFi)
 14157 | Lair:6   | Noticed steinardarri's ghost (journeyman TrMo)
 14261 | Lair:6   | Mutation became permanent: Your large and strong wings let
                  | you fly indefinitely. [Gargoyle growth]
 14261 | Lair:6   | Gained mutation: Your large and strong wings let you fly
                  | indefinitely. [Gargoyle growth]
 14261 | Lair:6   | Reached XP level 14. HP: 90/90 MP: 6/15
 14505 | Lair:6   | Reached ***** piety under the Shining One
 14586 | Lair:6   | Reached skill level 12 in Fighting
 15130 | Lair:6   | Got a dazzling ring mail
 15141 | Lair:6   | Identified the +5 ring mail of Insecurity {*Drain rPois
                  | rCorr} (You found it on level 6 of the Lair of Beasts)
 15393 | D:10     | Entered Level 10 of the Dungeon
 15393 | D:10     | Noticed Josephine
 15417 | D:10     | Killed Josephine
 15417 | D:10     | Reached skill level 5 in Invocations
 15491 | D:10     | Noticed Grum
 15512 | D:10     | Killed Grum
 15534 | D:10     | Found Miuwyum's Jewellery Shop.
 15980 | D:10     | Found Romuuj's Weapon Boutique.
 16033 | D:10     | Found Quoreakh's Weapon Emporium.
 16034 | D:10     | Found Vibuka's Magic Scroll Boutique.
 16362 | D:11     | Noticed Snorg
 16482 | D:10     | Killed Snorg
 16574 | D:11     | Noticed Erica
 16594 | D:11     | Killed Erica
 16619 | D:11     | Found a staircase to the Orcish Mines.
 16681 | D:11     | Reached skill level 13 in Fighting
 17059 | D:11     | Got a translucent silver amulet
 17060 | D:11     | Identified the amulet "Afaog" {Regen+ Str+2} (You found it
                  | on level 11 of the Dungeon)
 17343 | Orc:1    | Entered Level 1 of the Orcish Mines
 17364 | Orc:1    | Reached XP level 15. HP: 73/99 MP: 11/20
 17368 | Orc:1    | Noticed Sonja
 17605 | Orc:1    | Killed Sonja
 17981 | Orc:1    | Noticed Erolcha
 17994 | Orc:1    | Killed Erolcha
 18104 | Orc:1    | Found a roughly hewn altar of Beogh.
 18344 | Orc:2    | Entered Level 2 of the Orcish Mines
 18504 | Orc:2    | Found a roughly hewn altar of Beogh.
 18541 | Orc:2    | Found Waomasamm's Distillery.
 18541 | Orc:2    | Found Plog's Food Emporium.
 18631 | Orc:2    | Found a staircase to the Elven Halls.
 18772 | Orc:2    | Found Xaotawia's Jewellery Emporium.
 18800 | Orc:2    | Found Yre Seag's Antique Weapon Boutique.
 19102 | Orc:2    | Reached ****** piety under the Shining One
 19256 | Elf:1    | Entered Level 1 of the Elven Halls
 19731 | Elf:1    | Found a radiant altar of Vehumet.
 19740 | Elf:1    | Reached skill level 14 in Fighting
 20457 | Elf:1    | Found Mifiomom's Magic Scroll Shoppe.
 20565 | Elf:1    | Noticed a deep elf sorcerer
 20579 | Elf:1    | Killed a deep elf sorcerer
 20635 | Elf:1    | HP: 5/101 [earth elemental[a deep elf mage] (8)]
 20968 | Elf:1    | Reached skill level 10 in Invocations
 21036 | Elf:1    | Identified the Catalogue of Battle Magic and Creation
 21531 | Orc:2    | Bought a potion of heal wounds for 85 gold pieces
 21531 | Orc:2    | Bought a potion of heal wounds for 85 gold pieces
 21566 | Elf:1    | Reached XP level 16. HP: 107/107 MP: 14/23
 21624 | Elf:1    | Bought a scroll of blinking for 142 gold pieces
 21624 | Elf:1    | Bought a scroll of blinking for 142 gold pieces
 21724 | D:12     | Found Fiun Guf's Magic Scroll Boutique.
 22098 | D:12     | Found a runed translucent gate.
 22110 | D:12     | Found a runed translucent door.
 22110 | D:12     | Found a runed translucent gate.
 22110 | D:12     | Found a runed translucent gate.
 22111 | D:12     | Identified the +7 short sword of Buos Kodd {venom, Fragile
                  | +Blink +Rage MR-}
 22111 | D:12     | Identified the +5 whip "Esmim" {chaos, rF+ Dex+3 Stlth+}
 22112 | D:12     | Noticed bocha96's ghost (journeyman GrFi)
 22426 | D:12     | Found the +10 large shield of Ignorance {rN+ Int-4}
 22438 | D:12     | Found a runed translucent door.
 22844 | D:12     | Killed bocha96's ghost
 22874 | D:12     | Reached skill level 10 in Dodging
 23397 | D:13     | Noticed Nessos
 23403 | D:13     | Killed Nessos
 23614 | D:13     | Reached skill level 15 in Fighting
 24535 | D:14     | Found a gate to the Vaults.
 25104 | D:15     | Entered Level 15 of the Dungeon
 25412 | D:15     | Found a staircase to the Depths.
 25474 | D:15     | Reached XP level 17. HP: 113/113 MP: 15/24
 25699 | D:15     | Found a glowing golden altar of the Shining One.
 25733 | Depths:1 | Entered Level 1 of the Depths
 28311 | Swamp:1  | Entered Level 1 of the Swamp
 28311 | Swamp:1  | Noticed Jorgrun
 28585 | Swamp:1  | Killed Jorgrun
 29505 | Swamp:2  | Found a sacrificial altar of Ru.
 29638 | Swamp:2  | Reached skill level 16 in Fighting
 30455 | Swamp:3  | Reached XP level 18. HP: 109/120 MP: 15/26
 30529 | Swamp:3  | Reached skill level 15 in Maces & Flails
 30885 | Swamp:3  | Identified the +5 ring mail of Hieqoarr {rPois Int+3}
 31525 | Swamp:4  | Entered Level 4 of the Swamp
 31842 | Swamp:4  | Noticed Nikola
 32532 | Swamp:4  | Killed Nikola
 33458 | Swamp:4  | Reached skill level 17 in Fighting
 33601 | Swamp:4  | Got a decaying rune of Zot
 33800 | Spider:1 | Entered Level 1 of the Spider Nest
 35123 | Spider:2 | Noticed Arachne
 35149 | Spider:2 | Reached XP level 19. HP: 82/128 MP: 13/28
 35224 | Spider:2 | Killed Arachne
 35843 | Spider:3 | Identified the Papyrus of Snow
 36352 | Spider:4 | Entered Level 4 of the Spider Nest
 39131 | Spider:4 | Got a gossamer rune of Zot
 39847 | Vaults:1 | Entered Level 1 of the Vaults
 39914 | Vaults:1 | Reached XP level 20. HP: 119/136 MP: 10/30
 40027 | Vaults:1 | Found a deep blue altar of Sif Muna.
 40029 | Vaults:1 | Found a flickering gateway to a bazaar.
 40038 | Bazaar   | Entered a bazaar
 40056 | Bazaar   | Found Ugor's Magic Scroll Shoppe.
 40060 | Bazaar   | Bought a scroll of blinking for 45 gold pieces
 40060 | Bazaar   | Bought a scroll of teleportation for 18 gold pieces
 40060 | Bazaar   | Bought a scroll of blinking for 45 gold pieces
 40071 | Bazaar   | Found Maisos's Antique Weapon Shoppe.
 40071 | Bazaar   | Found Ezobakkoq's Food Emporium.
 40075 | Bazaar   | Bought the +7 lajatang of Order {silver, rMut} for 1940
                  | gold pieces
 40075 | Bazaar   | Found the +7 lajatang of Order {silver, rMut}
 40092 | Bazaar   | Found Aperieb's Armour Shoppe.
 40092 | Bazaar   | Found Uthrua's Gadget Emporium.
 40184 | Vaults:1 | Reached skill level 18 in Fighting
 40497 | Vaults:1 | HP: 6/136 [frost giant/bolt of cold (51)]
 40498 | Vaults:1 | Killed from afar by a frost giant

Skill      XL: |  1  2  3  4  5  6  7  8  9 10 11 12 13 14 15 16 17 18 19 20 |
---------------+-------------------------------------------------------------+-----
Fighting       | 4 5 6 7 8 9 10 11 13 14 15 16 17 18 | 18.1
Maces & Flails | 3 4 5 6 7 8 9 10 12 13 14 15 16 | 16.6
Dodging        | 1 2 4 6 7 8 9 11 12 | 12.6
Armour         | 5 7 9 10 11 12 13 14 | 14.7
Shields        | 5 7 9 10 11 12 13 | 13.9
Invocations    | 1 7 10 11 12 13 14 | 14.1

Action                   |  1- 3 |  4- 6 |  7- 9 | 10-12 | 13-15 | 16-18 | 19-21 || total
-------------------------+-------+-------+-------+-------+-------+-------+-------++-------
Melee: Flail             |   158 |   277 |   256 |   856 |  1782 |  2428 |  1327 ||  7084
 Abil: Fly               |       |       |     1 |       |       |       |       ||     1
  Use: Scroll            |       |     9 |     7 |     4 |    10 |    10 |     1 ||    41
       Potion            |       |     1 |     4 |     1 |     2 |     1 |     3 ||    12
 Stab: Sleeping          |       |     2 |     1 |       |       |       |       ||     3
       Invisible         |       |       |     1 |       |       |       |       ||     1
       Paralysed         |       |       |     1 |       |       |       |       ||     1
  Eat: Chunk             |       |    10 |     7 |    14 |    24 |    20 |     6 ||    81
       Ration            |       |       |     1 |     1 |     3 |     8 |     4 ||    17
Armor: Scale mail        |   145 |    85 |       |       |       |       |       ||   230
       Ring mail         |       |    58 |    34 |       |       |       |       ||    92
       Plate armour      |       |       |    77 |   743 |  1134 |  1551 |  1275 ||  4780
Dodge: Dodged            |    63 |    89 |    74 |   421 |   781 |   936 |   766 ||  3130
Block: Shield            |    99 |   148 |   121 |   752 |  1392 |   236 |       ||  2748
       Large shield      |       |       |       |       |       |  3383 |  2846 ||  6229
